 Dungeon Crawl Stone Soup version 0.31-a0-981-geadf994542 (webtiles) character file.

Game seed: 17210864776887443657

79 promet the Trooper (level 4, -3/41 HPs)
             Began as a Minotaur Fighter on Oct 31, 2023.
             Killed by divine providence
             ... invoked by an orc priest
              (13 damage)
             ... on level 3 of the Dungeon.
             The game lasted 00:07:29 (1886 turns).

promet the Trooper (Minotaur Fighter)               Turns: 1886, Time: 00:07:29

Health: -3/41      AC: 10    Str: 20    XL:     4   Next: 16%
Magic:  0/3        EV:  8    Int:  7    God:
Gold:   56         SH:  4    Dex: 10    Spells: 3/3 levels left

rFire   . . .        a - +1 rapier
rCold   + . .        c - +0 buckler
rNeg    . . .        r - +0 chain mail {rC+}
rPois   .            (helmet restricted)
rElec   .            (no cloak)
rCorr   .            q - +0 pair of gloves
SInv    .            (no boots)
Will    .....        j - amulet of guardian spirit Stlth
                     (no ring)
HPRegen 0.26/turn    (no ring)
MPRegen 0.08/turn

%: guardian spirit
@: no status effects
A: horns 2, retaliatory headbutt
a: no special abilities


You were on level 3 of the Dungeon.
You visited 1 branch of the dungeon, and saw 3 of its levels.

You collected 56 gold pieces.

Inventory:

Hand Weapons
 a - a +1 rapier (weapon)
 g - a +0 war axe
 i - a +0 long sword
Missiles
 f - 22 stones
 h - 6 poisoned darts (quivered)
Armour
 b - a +0 scale mail
 c - a +0 buckler (worn)
 q - a +0 pair of gloves (worn)
 r - a +0 chain mail of cold resistance (worn)
Magical Staves
 k - a staff of conjuration
 n - a staff of death
Jewellery
 j - an amulet of guardian spirit (around neck)
Wands
 s - a wand of paralysis (9)
Scrolls
 m - 2 scrolls of teleportation
 p - 3 scrolls of identify
Potions
 d - 2 potions of might
 e - a potion of curing
 l - a potion of attraction {unknown}
 o - a potion of heal wounds {unknown}


   Skills:
 * Level 4.6 Fighting
 + Level 2.8 Short Blades
 + Level 4.1 Armour
 + Level 0.6 Dodging
 + Level 0.1 Stealth
 + Level 4.2 Shields


You had 3 spell levels left.
You didn't know any spells.
Your spell library contained the following spells:

 Spells                   Type           Power      Damage    Failure   Level
 Static Discharge         Conj/Air       0%         3-3/arc   99%         2
 Ozocubu's Armour         Ice            0%         N/A       100%        3
 Airstrike                Air            0%         2d(0-16)  100%        4
 Summon Lightning Spire   Summ/Air       0%         N/A       100%        4
 Ozocubu's Refrigeration  Ice            0%         4d7       100%        7


Dungeon Overview and Level Annotations

Branches:
Dungeon (3/15)

Altars:


Innate Abilities, Weirdness & Mutations

You have a pair of horns on your head.
You reflexively headbutt those who attack you in melee.


Message History

Beogh smites you! You block the endoplasm's attack.
The hobgoblin barely misses you. You furiously retaliate!
You headbutt the hobgoblin.
You kill the hobgoblin!
You closely miss the orc. The orc hits you with a +0 short sword.
The endoplasm hits you. x2; The orc hits you but does no damage.
You hit the orc. You headbutt the orc.
You kill the orc!
The endoplasm hits you but does no damage.
You puncture the orc!
You kill the orc!
The endoplasm hits you.
You hit the orc priest.
The orc priest is lightly wounded.
The orc priest invokes the aid of Beogh against you.
Pain shoots through your body! The endoplasm hits you.
You hit the orc priest.
You headbutt the orc priest, but do no damage.
The orc priest is heavily wounded.
The orc priest begins to cast a cantrip, but forgets the words!
The endoplasm hits you.
You hit the orc priest but do no damage.
The orc priest is heavily wounded.
The orc priest hits you with a +1 dagger of electrocution.
* * * LOW HITPOINT WARNING * * *
You are electrocuted!
* * * LOW HITPOINT WARNING * * *
The endoplasm freezes you.
You are frozen.
You resist.
You feel better. The endoplasm freezes you.
You are frozen.
You resist.
* * * LOW HITPOINT WARNING * * *
The orc priest hits you with a +1 dagger of electrocution.
* * * LOW HITPOINT WARNING * * *
You closely miss the orc priest.
The orc priest is heavily wounded.
The orc priest mumbles some strange prayers to Beogh against you.
Beogh smites you!
You die...

.. ###. .. ....
#.#. #.. #...
... #.<. #.#
#... #J#
#.##...##@#
..r.....#o#
##<..o....r#
#...####.####..#
#...o...#......#
#..o####.#####.#
........<#
.........#
......>...#


You could see an orc priest, an endoplasm and a quokka.

Vanquished Creatures
  3 adders (D:2)
  2 dart slugs (D:1)
  3 orcs (D:3)
  6 ball pythons
  3 endoplasms (D:1)
  A giant cockroach (D:2)
  4 goblins (D:1)
  7 hobgoblins
  5 kobolds
  3 bats
  A frilled lizard (D:2)
  5 rats
43 creatures vanquished.

Notes
Turn   | Place    | Note
-------+----------+-------------------------------------------
     0 | D:1      | promet the Minotaur Fighter began the quest for the Orb.
     0 | D:1      | Reached XP level 1. HP: 19/19 MP: 0/0
   396 | D:1      | Reached XP level 2. HP: 27/27 MP: 1/1
   619 | D:1      | Found a faded altar of an unknown god.
   744 | D:1      | Reached XP level 3. HP: 33/34 MP: 2/2
  1732 | D:2      | Reached XP level 4. HP: 39/41 MP: 3/3
  1886 | D:3      | Killed from afar by an orc priest

Illustrated notes

Levels and vault maps discovered:
D:1:      minmay_arrival_solitary_statue, layout_basic,
          shapermc_ecumenical_altar_ellora, serial_bayou_pond_b
D:2:      layout_loops_cross
D:3:      layout_loops_ring, mainiacjoe_overflow_chevrons, uniq_ijyb

Skill      XL: |  1  2  3 |
---------------+----------+-----
Fighting       | 4 |  4.6
Armour         | 4 |  4.1
Shields        | 4 |  4.2
Short Blades   | |  2.8
Dodging        | |  0.6
Stealth        | |  0.1

Action                     |  1- 3 |  4- 6 || total
---------------------------+-------+-------++-------
  Melee: Rapier            |   122 |    18 ||   140
         Headbutt          |    22 |     5 ||    27
  Throw: Dart              |     1 |       ||     1
    Use: Scroll            |     8 |       ||     8
         Potion            |       |     1 ||     1
 Armour: Scale mail        |    48 |       ||    48
         Chain mail        |    28 |    14 ||    42
  Dodge: Dodged            |    38 |     5 ||    43
  Block: Buckler           |    23 |     2 ||    25

Table legend: (Time is in decaauts)
 A = Elapsed time spent in this place.
 B = Non-inter-level travel time spent in this place.
 C = Inter-level travel time spent in this place.
 D = Time resting spent in this place.
 E = Time spent auto-exploring this place.
 F = Levels seen in this place.
 G = Mean time per level.
                   A        B        C        D        E       F      G
               +--------+--------+--------+--------+--------+-----+--------+
         Total |   1900 |   1842 |     58 |    249 |    842 |   3 |  633.3 |
       Dungeon |   1900 |   1842 |     58 |    249 |    842 |   3 |  633.3 |
               +--------+--------+--------+--------+--------+-----+--------+

Top non-repeatable levels by time:
     D:1: 997 daAuts
     D:2: 876 daAuts
     D:3: 27 daAuts
